 Dungeon Crawl Stone Soup version 0.17.0-25-gefc9c12 (webtiles) character file.

120 Ohshi the Slinger (level 5, -7/34 HPs)
             Began as a Halfling Hunter on Nov 18, 2015.
             Killed from afar by an orc wizard (9 damage)
             ... with a magic dart
             ... on level 3 of the Dungeon.
             The game lasted 00:08:11 (2368 turns).

Ohshi the Slinger (Halfling Hunter)                 Turns: 2368, Time: 00:08:11

Health: -7/34      AC:  3    Str: 12    XL:     5   Next: 25%
Magic:  5/5        EV: 15    Int: 10    God:
Gold:   155        SH:  0    Dex: 16    Spells: 0 memorised, 4 levels left

rFire  . . .     SeeInvis .     a - +1 hunting sling
rCold  . . .     Clarity  .     c - +0 leather armour
rNeg   . . .     SustAt   .     (shield restricted)
rPois  .         Gourm    .     (no helmet)
rElec  .         Spirit   .     (no cloak)
rCorr  .         Warding  .     (no gloves)
rMut   .         Stasis   .     (no boots)
MR     .....                    h - amulet of faith
Stlth  ++........               (no ring)
                                (no ring)

@: slowed, very slow, not resistant to hostile enchantments, unstealthy
A: mutation resistance 1
a: no special abilities


You were on level 3 of the Dungeon.
You were full.

You visited 1 branch of the dungeon, and saw 3 of its levels.

You collected 155 gold pieces.

Inventory:

Hand Weapons
 a - a +1 hunting sling (weapon)
 b - a +0 short sword
Missiles
 d - 28 stones (quivered)
Armour
 c - a +0 leather armour (worn)
 f - a +1 pair of gloves
Jewellery
 h - an amulet of faith (around neck)
 j - a cursed amulet of inaccuracy {unknown}
Scrolls
 g - 5 scrolls of identify {unknown}
 i - 2 scrolls of random uselessness {unknown}
 k - 2 scrolls of teleportation {unknown}
 m - 5 scrolls of remove curse {unknown}
 n - a scroll of magic mapping {unknown}
 o - a scroll of amnesia {unknown}
 q - a scroll of enchant armour {unknown}
Potions
 l - a potion of cure mutation {unknown}
 p - a potion of magic {unknown}
 r - a potion of flight {unknown}


   Skills:
 + Level 1.9 Fighting
 + Level 0.3 Short Blades
 + Level 8.1 Slings
 + Level 1.4 Armour
 + Level 2.7 Dodging
 + Level 1.1 Stealth


You had 4 spell levels left.
You didn't know any spells.

Dungeon Overview and Level Annotations

Branches:
Dungeon (3/15)

Altars:


Innate Abilities, Weirdness & Mutations

You are small and have problems with some larger weapons.
You are somewhat resistant to further mutation.


Message History

Aim: an orc wizard, wielding a dagger and wearing a robe (heavily wounded)
You shoot a stone.
The stone closely misses the orc wizard.
The orc wizard gestures at you while chanting.
You resist with some effort.
The orc wizard hits you but does no damage.
Firing (i - inventory):
d - 29 stones (quivered)
Press: ? - help, Shift-Dir - straight line, f/p - orc wizard
Aim: an orc wizard, wielding a dagger and wearing a robe (heavily wounded)
You shoot a stone. The stone barely misses the orc wizard.
The stone barely misses the orc.
The stone closely misses the orc priest.
The orc priest mumbles some strange prayers to Beogh against you.
Something smites you!
* * * LOW HITPOINT WARNING * * *
The orc wizard hits you with a dagger.
* * * LOW HITPOINT WARNING * * *
The orc wizard gestures at you while chanting.
The magic dart hits you!
You die...

...# .....
#####......
#(..o......
#o##.......
#o# .......
#o# o......
#.# ((.(...
#@# o(..###
#.# (....
#.# ..(.#.
#.# #.# #.#
#.# #.# #.#


You could see an orc priest, an orc wizard and an orc.

Vanquished Creatures
  4 adders (D:2)
  2 oozes
  3 worms (D:2)
  2 orcs (D:3)
  7 bats
  2 giant cockroaches (D:1)
  4 goblins
  15 hobgoblins
  3 jackals (D:2)
  2 quokkas (D:2)
  A ball python (D:1)
  3 giant geckos
  4 giant newts (D:2)
  2 kobolds
  A rat (D:1)
55 creatures vanquished.

Notes
Turn   | Place    | Note
--------------------------------------------------------------
     0 | D:1      | Ohshi the Halfling Hunter began the quest for the Orb.
     0 | D:1      | Reached XP level 1. HP: 14/14 MP: 1/1
    29 | D:1      | Reached skill level 6 in Slings
   224 | D:1      | Reached XP level 2. HP: 19/19 MP: 2/2
   701 | D:1      | Reached XP level 3. HP: 24/24 MP: 3/3
   893 | D:2      | Found a faded altar to an unknown god.
  1046 | D:2      | Reached skill level 7 in Slings
  1213 | D:2      | Reached skill level 1 in Armour
  1213 | D:2      | Reached XP level 4. HP: 24/29 MP: 4/4
  1693 | D:2      | Reached skill level 8 in Slings
  1693 | D:2      | Reached XP level 5. HP: 34/34 MP: 5/5
  2368 | D:3      | Killed from afar by an orc wizard

Action                   |  1- 3 |  4- 6 || total
-------------------------+-------+-------++-------
Melee: Short sword       |       |    26 ||    26
 Fire: Hunting sling     |    84 |    90 ||   174
  Eat: Bread ration      |       |     2 ||     2
